 Dungeon Crawl Stone Soup version 0.16-a0-2676-gfc1a37c (webtiles) character file.

8481 Sixotanaka the Cleaver (level 11, 0/88 HPs)
             Began as a Deep Dwarf Berserker on Nov 24, 2014.
             Was a Believer of Trog.
             Slain by a spiny frog (15 damage)
             ... on level 2 of the Lair of Beasts.
             The game lasted 00:30:02 (8676 turns).

Sixotanaka the Cleaver (Deep Dwarf Berserker)       Turns: 8676, Time: 00:30:02

Health: 0/88       AC:  9    Str: 20    XL:     11   Next: 10%
Magic:  21/21      EV: 18    Int: 11    God:    Trog [**....]
Gold:   509        SH:  4    Dex: 17    Spells: 0 memorised, 10 levels left

rFire  + . .     SeeInvis +     a - +0 hand axe
rCold  + . .     Clarity  +     G - +2 leather armour {MR+}
rNeg   . . .     SustAb   .     k - +0 buckler
rPois  +         Gourm    .     (no helmet)
rElec  .         Spirit   .     t - +2 cloak {rPois}
rCorr  .         Warding  .     F - +0 pair of gloves (curse)
rMut   .         Stasis   +     (no boots)
MR     ++...                    M - amulet "Inirer" {Stasis rC+ Int+2 SInv}
Stlth  ++........               L - ring of protection from fire
                                w - ring of stealth

@: non-regenerating, very resistant to hostile enchantments, unstealthy
A: damage resistance, recharge devices, agile 1, clarity, sense surroundings 2,
slow healing 3
a: Device Recharging, Burn Spellbooks, Berserk, Trog's Hand, Renounce Religion


You were on level 2 of the Lair of Beasts.
You worshipped Trog.
Trog was pleased with you.
You were not hungry.

You visited 2 branches of the dungeon, and saw 10 of its levels.

You collected 509 gold pieces.


Innate Abilities, Weirdness & Mutations

You are resistant to damage.
You can recharge devices by infusing magical energy.
You passively map the area around you.
You do not heal naturally.
You are agile. (Dex +2)
You possess an exceptional clarity of mind.


   Skills:
 - Level 2.6 Fighting
 - Level 14.5 Axes
 - Level 2.1 Armour
 + Level 10.5 Dodging
 - Level 7.0 Evocations


You had 10 spell levels left.
You didn't know any spells.

Dungeon Overview and Level Annotations

Branches:
Dungeon (8/15)             Temple (0/1) D:5            Lair (2/8) D:8

Altars:
Dithmenos
Elyvilon
Fedhas
Makhleb
Ru
Vehumet

Shops:
D:4 }   D:7 (:?

Annotations:
Lair:1 1 exclusion

Inventory:

Hand weapons
 a - a +0 hand axe (weapon)
 I - a cursed -1 blowgun
Missiles
 b - 30 poisoned needles
 n - 6 curare-tipped needles
Armour
 k - a +0 buckler (worn)
 t - a +2 cloak of poison resistance (worn)
   (You took it off Crazy Yiuf on level 4 of the Dungeon)
 F - a cursed +0 pair of gloves (worn)
 G - a +2 leather armour of magic resistance (worn)
   (You found it on level 5 of the Dungeon)
 O - a +0 pair of boots
Jewellery
 w - a ring of stealth (left hand)
 C - a +5 ring of protection {unknown}
 L - a ring of protection from fire (right hand)
 M - the amulet "Inirer" (around neck) {Stasis rC+ Int+2 SInv}
   (You found it on level 1 of the Lair of Beasts)

   [amulet of stasis]

   It prevents you from being teleported, slowed, hasted or paralysed.
   It affects your intelligence (+2).
   It protects you from cold.
   It enhances your eyesight.
Magical devices
 c - a wand of heal wounds (0) {@v2}
 e - a wand of disintegration (7)
 x - a wand of teleportation (5) {@v4}
 A - a wand of digging (7)
 D - a wand of cold (0)
Scrolls
 g - 3 scrolls of blinking {unknown}
 h - 8 scrolls of remove curse {@r2}
 j - 3 scrolls of magic mapping {unknown}
 l - 2 scrolls of enchant weapon {unknown}
 m - a scroll of random uselessness {unknown}
 o - 3 scrolls of identify {@r1}
 p - 2 scrolls of enchant armour {unknown}
 s - 2 scrolls of teleportation {unknown}
 v - 6 scrolls of noise {unknown}
 y - 5 scrolls of fog {unknown}
 B - 6 scrolls of recharging {unknown}
 E - a scroll of fear {unknown}
Potions
 f - a potion of heal wounds {@q2}
 i - 5 potions of curing {@q1}
 u - a potion of cancellation
 z - a potion of agility
 J - 2 potions of magic {unknown}
 K - a potion of degeneration {unknown}
 N - 2 potions of brilliance {unknown}
Comestibles
 d - 11 bread rations
 q - 5 meat rations
 H - 5 fruits

###...P.................# #.
#.................##.<# #####.
###.....#...........#...###..##.
##.......##.........###...P......
.#........#.....#.### #..........
#.....#.......#..#.####..........
##......###.........##..#........
##......######.........#....|...
#.......# * ##@F.[..P###.......
#......## #.........## #.......
#.......# #........## ##.......
#P.....###.........# ##........
#.....## #..........##.........
##....# #...........###........
#.#P## ######...#P# #####....
##### ##P.### #.#### ### ###


You could see a spiny frog.


Message History

Items here: †††† a yak corpse x3 a crocodile corpse The yak corpse is consumed in a column of flame.
The yak corpse is slowly consumed by flames.
The yak corpse is consumed in a column of flame.
The crocodile corpse is consumed in a column of flame.
Search for what [Enter for "armour", or ? for help]? axe Eat which item? (? for menu, Esc to quit)
That beef jerky was delicious!
Eat which item? (? for menu, Esc to quit)
That beef jerky was delicious!
Found a stone staircase leading down.
Found a stone staircase leading down.
Found a stone staircase leading up.
Use which ability? (? or * to list)
Your skin crawls.
You feel resistant to hostile enchantments.
You feel slightly more hungry.
You feel the effects of Trog's Hand fading.
Your skin stops crawling.
You feel less resistant to hostile enchantments.
A spiny frog comes into view.
A spiny frog is nearby!
A spiny frog is nearby!
A spiny frog is nearby!
The spiny frog gives a loud, deep croak!
You hit the spiny frog but do no damage.
You block the spiny frog's attack.
You hit the spiny frog.
The spiny frog is lightly wounded.
You closely miss the spiny frog.
The spiny frog is lightly wounded.
The spiny frog barely misses you.
You hit the spiny frog.
The spiny frog is lightly wounded.
The spiny frog completely misses you.
You hit the spiny frog.
The spiny frog is lightly wounded.
You block the spiny frog's attack.
You hit the spiny frog.
The spiny frog is moderately wounded.
The spiny frog misses you.
You hit the spiny frog.
The spiny frog is moderately wounded.
The spiny frog barely misses you.
You hit the spiny frog but do no damage.
The spiny frog is moderately wounded.
You closely miss the spiny frog.
The spiny frog is moderately wounded.
The spiny frog barely misses you.
You barely miss the spiny frog.
The spiny frog is moderately wounded.
The spiny frog stings you!!
* * * LOW HITPOINT WARNING * * *
You are too injured to fight recklessly!
You are too injured to fight recklessly!
You are too injured to fight recklessly!
You are too injured to fight recklessly!
You are too injured to fight recklessly!
You hit the spiny frog but do no damage.
The spiny frog is moderately wounded.
The spiny frog stings you!!
* * * LOW HITPOINT WARNING * * *
You slash the spiny frog!
The spiny frog is heavily wounded.
You hit the spiny frog.
The spiny frog is severely wounded.
The spiny frog stings you!!
You die...

Action                   |  1- 3 |  4- 6 |  7- 9 | 10-12 || total
-------------------------+-------+-------+-------+-------++-------
Melee: Hand axe          |   131 |   209 |   665 |   470 ||  1475
Invok: Trog's Hand       |     4 |     7 |    23 |    19 ||    53
       Berserk           |       |     2 |     7 |     1 ||    10
Evoke: Wand              |       |       |     7 |     4 ||    11
  Use: Scroll            |       |     4 |     5 |       ||     9
       Potion            |       |       |     2 |     4 ||     6
 Stab: Sleeping          |       |     5 |     6 |     6 ||    17
       Distracted        |       |       |     1 |       ||     1
  Eat: Chunk             |     1 |     7 |    12 |       ||    20
       Pizza             |       |     1 |       |     2 ||     3
       Bread ration      |       |       |     1 |     1 ||     2
       Fruit             |       |       |     2 |       ||     2
       Meat ration       |       |       |     1 |       ||     1
       Royal jelly       |       |       |       |     1 ||     1
       Beef jerky        |       |       |       |     2 ||     2

Vault maps used:
D:1:      dpeg_arrival_shrine
D:2:      first_bread, hangedman_decor_growths
D:3:      makhleb_altar_promises_db
D:4:      vehumet_altar_wand_db, serial_shops, shop_statue,
          uniq_crazy_yiuf_cottage
D:5:      minmay_temple_entry_junction2, uniq_grinder, uniq_edmund
D:6:      nicolae_ru_path_of_blood, fedhas_altar_1
D:7:      serial_shops, shop_fountains, kennysheep_little_box, shop, shop
D:8:      old_standard_altar, grunt_dithmenos_smoke_and_mirrors,
          erik_lair_dragon
Lair:1:   lemuel_centaur_altar

Notes
Turn   | Place    | Note
--------------------------------------------------------------
     0 | D:1      | Sixotanaka, the Deep Dwarf Berserker, began the quest for the Orb.
     0 | D:1      | Reached XP level 1. HP: 20/20 MP: 1/1
   196 | D:1      | Reached XP level 2. HP: 24/27 MP: 2/2
   201 | D:1      | Reached skill level 4 in Axes
   350 | D:1      | Acquired Trog's second power
   403 | D:1      | Reached XP level 3. HP: 25/33 MP: 3/3
   716 | D:1      | Reached skill level 5 in Axes
  1024 | D:2      | Reached XP level 4. HP: 38/40 MP: 4/4
  1568 | D:3      | Reached skill level 6 in Axes
  1586 | D:3      | Found a burning altar of Makhleb.
  1588 | D:3      | Noticed a green death
  1880 | D:3      | Reached XP level 5. HP: 32/46 MP: 5/5
  2123 | D:4      | Reached skill level 7 in Axes
  2177 | D:4      | Noticed an ogre
  2191 | D:4      | Killed an ogre
  2191 | D:4      | Reached XP level 6. HP: 32/55 MP: 6/6
  2254 | D:4      | Reached skill level 8 in Axes
  2480 | D:4      | Found a radiant altar of Vehumet.
  2641 | D:4      | Found Ujuaclui's Gadget Shop.
  2775 | D:4      | Noticed Crazy Yiuf
  2789 | D:4      | Killed Crazy Yiuf
  2857 | D:5      | Entered Level 5 of the Dungeon
  2863 | D:5      | Found a staircase to the Ecumenical Temple.
  2887 | D:5      | Reached XP level 7. HP: 36/61 MP: 7/7
  2928 | D:5      | Reached skill level 9 in Axes
  2944 | D:5      | Noticed Grinder
  3008 | D:5      | Killed Grinder
  3088 | D:5      | Reached skill level 10 in Axes
  3122 | D:5      | Noticed Edmund
  3155 | D:5      | Killed Edmund
  3170 | D:5      | Reached XP level 8. HP: 39/68 MP: 8/8
  3322 | D:5      | Reached skill level 11 in Axes
  3495 | D:5      | Gained mutation: You are agile. (Dex +2) [potion of mutation]
  3495 | D:5      | Gained mutation: You possess an exceptional clarity of mind. [potion of mutation]
  3831 | D:6      | Found a sacrificial altar of Ru.
  4047 | D:6      | Reached skill level 12 in Axes
  4182 | D:6      | Found a blossoming altar of Fedhas.
  4229 | D:6      | HP: 17/68 [ogre/giant club (17)]
  4464 | D:6      | Reached skill level 1 in Evocations
  4464 | D:6      | Gained mutation: You passively map the area around you. [level up]
  4464 | D:6      | Reached XP level 9. HP: 28/74 MP: 8/10
  4496 | D:6      | Reached skill level 2 in Evocations
  4554 | D:6      | Reached skill level 13 in Axes
  4670 | D:7      | Found Mouhuydgh's Book Emporium.
  4758 | D:7      | Found Laphow's Magic Scroll Shop.
  4873 | D:7      | Found Cliobeh's Weapon Shoppe.
  4886 | D:7      | HP: 16/74 [something (24)]
  5221 | D:7      | Found Hanup's Book Emporium.
  5356 | D:8      | Found a shadowy altar of Dithmenos.
  5479 | D:8      | HP: 6/74 [something (27)]
  5552 | D:8      | Reached skill level 3 in Evocations
  5780 | D:8      | Reached skill level 4 in Evocations
  5930 | D:8      | Found a white marble altar of Elyvilon.
  6091 | D:8      | Reached skill level 5 in Evocations
  6234 | D:8      | Noticed a komodo dragon
  6235 | D:8      | Found a staircase to the Lair.
  6249 | D:8      | Killed a komodo dragon
  6249 | D:8      | Reached skill level 14 in Axes
  6409 | Lair:1   | Entered Level 1 of the Lair of Beasts
  6429 | Lair:1   | Reached skill level 6 in Evocations
  6430 | Lair:1   | Noticed FishServ's ghost (experienced DgFE)
  6444 | Lair:1   | Killed FishServ's ghost
  6444 | Lair:1   | Reached skill level 7 in Evocations
  6444 | Lair:1   | Reached XP level 10. HP: 78/81 MP: 20/20
  6506 | Lair:1   | Reached skill level 3 in Dodging
  6607 | Lair:1   | Noticed a spiny frog
  6619 | Lair:1   | Killed a spiny frog
  6619 | Lair:1   | Reached skill level 4 in Dodging
  6842 | Lair:1   | Noticed a fire drake
  6868 | Lair:1   | Killed a fire drake
  6868 | Lair:1   | Reached skill level 5 in Dodging
  6911 | Lair:1   | Got an ancient steel amulet
  6916 | Lair:1   | Identified the amulet "Inirer" {Stasis rC+ Int+2 SInv} (You found it on level 1 of the Lair of Beasts)
  7154 | Lair:1   | Reached skill level 6 in Dodging
  7160 | Lair:1   | Noticed tijit's ghost (experienced DrWz)
  7207 | Lair:1   | Killed tijit's ghost
  7207 | Lair:1   | Reached skill level 7 in Dodging
  7322 | Lair:1   | Found a burning altar of Makhleb.
  7500 | Lair:1   | Reached skill level 8 in Dodging
  7856 | Lair:2   | Reached skill level 9 in Dodging
  7906 | Lair:2   | HP: 18/81 [blink frog (14)]
  7908 | Lair:2   | HP: 5/81 [blink frog (13)]
  8291 | Lair:2   | HP: 20/81 [poisoned by a spiny frog]
  8294 | Lair:2   | HP: 2/81 [spiny frog (17)]
  8301 | Lair:2   | Reached skill level 10 in Dodging
  8301 | Lair:2   | Reached XP level 11. HP: 22/88 MP: 21/21
  8459 | Lair:2   | HP: 21/88 [yak (14)]
  8462 | Lair:2   | HP: 5/88 [yak (8)]
  8674 | Lair:2   | HP: 15/88 [spiny frog (15)]
  8676 | Lair:2   | Slain by a spiny frog

Vanquished Creatures
  The ghost of FishServ the Arsonist, an experienced DgFE (Lair:1)
  The ghost of tijit the Slicer, an experienced DrWz of Ashenzari (Lair:1)
  2 spiny frogs
  A fire drake (Lair:1)
  A komodo dragon (D:8)
  Grinder (D:5)
  3 blink frogs (Lair:2)
  A basilisk (Lair:1)
  4 yaks (Lair:2)
  Edmund (D:5)
  A mottled dragon (D:8)
  6 water moccasins (Lair:1)
  6 porcupines
  An orc warrior (D:6)
  3 black bears
  2 ice beasts
  2 phantoms (D:5)
  A necrophage (D:8)
  4 ogres
  2 sky beasts
  5 crocodiles
  5 giant frogs
  A scorpion (D:8)
  4 killer bees (D:8)
  2 orc priests
  A crimson imp (D:7)
  Crazy Yiuf (D:4)
  9 iguanas
  4 jellies
  A centaur skeleton (D:7)
  A giant frog skeleton (D:6)
  A hound (D:4)
  A quasit (D:8)
  4 orc wizards
  2 worker ants
  A killer bee zombie (D:8)
  3 gnolls (D:6)
  9 adders
  2 giant mites (D:1)
  2 worms
  2 adder skeletons
  3 giant geckos
  An ooze (D:4)
  14 orcs
  A ball python (D:4)
  9 bats
  A bat zombie (D:5)
  5 giant cockroaches
  7 goblins
  13 hobgoblins
  10 jackals
  8 quokkas
  A giant gecko zombie (D:6)
  8 giant newts
  13 kobolds
  A quokka skeleton (D:6)
  16 rats
  7 ballistomycetes
  A fungus (D:4)
224 creatures vanquished.

Vanquished Creatures (others)
  3 giant spores
  A ballistomycete (D:8)
  A fungus (Lair:2)
5 creatures vanquished.

Grand Total: 229 creatures vanquished
